 Dungeon Crawl Stone Soup version 0.21-a0-529-g8c7b3f5 (webtiles) character file.

571 Amnesiac the Grave Robber (level 7, -4/44 HPs)
             Began as a Deep Elf Necromancer on Dec 10, 2017.
             Shot with an arrow by a centaur (12 damage)
             ... on level 5 of the Dungeon.
             The game lasted 00:04:49 (2330 turns).

Amnesiac the Grave Robber (Deep Elf Necromancer)    Turns: 2330, Time: 00:04:49

Health: -4/44      AC:  4    Str:  5    XL:     7   Next: 11%
Magic:  13/13      EV: 15    Int: 22    God:
Gold:   127        SH:  0    Dex: 15    Spells: 5/12 levels left

rFire    . . .     SeeInvis .   h - +0 hunting sling
rCold    . . .     Gourm    .   (no shield)
rNeg     . . .     Faith    .   a - +0 robe
rPois    .         Spirit   .   (no helmet)
rElec    .         Reflect  .   (no cloak)
rCorr    .         Harm     .   l - +1 pair of gloves
MR       .....                  (no boots)
Stlth    ++........             (no amulet)
HPRegen  0.14/turn              (no ring)
MPRegen  0.13/turn              (no ring)

@: no status effects
A: no striking features
a: no special abilities


You were on level 5 of the Dungeon.
You were not hungry.

You visited 1 branch of the dungeon, and saw 5 of its levels.

You collected 127 gold pieces.

Inventory:

Hand Weapons
 h - a +0 hunting sling (weapon)
 r - a +0 dagger of draining
 v - a +1 morningstar of protection
Missiles
 k - 70 stones
 n - 25 sling bullets (quivered)
 t - 6 curare-tipped needles
 w - 12 poisoned needles
Armour
 a - a +0 robe (worn)
 l - a +1 pair of gloves (worn)
 p - a +0 buckler
Jewellery
 u - a +3 ring of intelligence {unknown}
Scrolls
 d - 2 scrolls of remove curse {!r, unknown}
 e - a scroll of amnesia {!r, unknown}
 g - 2 scrolls of fear {!r, unknown}
 m - 3 scrolls of identify {!r, unknown}
 o - a scroll of teleportation {!r, unknown}
Potions
 f - a potion of berserk rage {!q, unknown}
 i - a potion of brilliance {!q, unknown}
 j - 4 potions of degeneration {!q, unknown}
Books
 b - a book of Necromancy

   Spells                             Type                      Level
   a - Pain                           Necromancy                   1
   b - Animate Skeleton               Necromancy                   1
   c - Vampiric Draining              Necromancy                   3
   d - Regeneration                   Charms/Necromancy            3
   e - Animate Dead                   Necromancy                   4
   f - Control Undead                 Necromancy                   4
Comestibles
 c - 2 bread rations
 q - a royal jelly


   Skills:
 - Level 4.7 Fighting
 - Level 4.7 Dodging
 - Level 2.4 Stealth
 + Level 2.5 Shields
 - Level 3.0 Spellcasting
 - Level 4.8 Necromancy


You had 5 spell levels left.
You knew the following spells:

 Your Spells              Type           Power        Failure   Level  Hunger
a - Pain                  Necr           ###.         1%          1    None
d - Vampiric Draining     Necr           ###.......   4%          3    ###....
r - Regeneration          Chrm/Necr      ##........   14%         3    ###....


Dungeon Overview and Level Annotations

Branches:
Dungeon (5/15)
 Temple: D:4-7

Altars:

Shops:
D:4 [


Message History

Firing (i - inventory. (,) - cycle):
n - 23 sling bullets (quivered)
Press: ? - help, Shift-Dir - straight line, f/p - gnoll
Aim: a gnoll, wielding a club (heavily wounded)
You shoot a sling bullet.
The sling bullet hits the gnoll but does no damage.
The gnoll is heavily wounded.
The gnoll hits you but does no damage.
Firing (i - inventory. (,) - cycle):
n - 22 sling bullets (quivered)
Press: ? - help, Shift-Dir - straight line, f/p - gnoll
Aim: a gnoll, wielding a club (heavily wounded)
You shoot a sling bullet.
The sling bullet barely misses the gnoll.
The gnoll closely misses you.
Firing (i - inventory. (,) - cycle):
n - 21 sling bullets (quivered)
Press: ? - help, Shift-Dir - straight line, f/p - gnoll
Aim: a gnoll, wielding a club (heavily wounded)
You shoot a sling bullet. The sling bullet hits the gnoll.
The gnoll is severely wounded.
The gnoll misses you.
Firing (i - inventory. (,) - cycle):
n - 20 sling bullets (quivered)
Press: ? - help, Shift-Dir - straight line, f/p - gnoll
Aim: a gnoll, wielding a club (severely wounded)
You shoot a sling bullet.
The sling bullet closely misses the gnoll.
The gnoll closely misses you.
Firing (i - inventory. (,) - cycle):
n - 19 sling bullets (quivered)
Press: ? - help, Shift-Dir - straight line, f/p - gnoll
Aim: a gnoll, wielding a club (severely wounded)
You shoot a sling bullet.
The sling bullet barely misses the gnoll.
The gnoll closely misses you.
Firing (i - inventory. (,) - cycle):
n - 18 sling bullets (quivered)
Press: ? - help, Shift-Dir - straight line, f/p - gnoll
Aim: a gnoll, wielding a club (severely wounded)
You shoot a sling bullet. The sling bullet hits the gnoll.
You kill the gnoll!
No target in view!
No target in view!
n - 26 sling bullets (gained 9)
You see here a club.
There isn't anything to butcher here.
You can't go down here!
There is a stone staircase leading down here.
You climb downwards.
A centaur comes into view.
The centaur shouts!
The centaur wields a shortbow.
The centaur shoots an arrow.
The arrow hits you.
The centaur shoots an arrow.
The arrow barely misses you.
A centaur comes into view.
There is a stone staircase leading up, spattered with blood here.
You see here 2 arrows.
Firing (i - inventory. (,) - cycle):
n - 26 sling bullets (quivered)
Press: ? - help, Shift-Dir - straight line, f - centaur
Aim: a centaur (hasn't noticed you)
You shoot a sling bullet. The centaur shouts!
The sling bullet hits the centaur but does no damage.
The centaur wields a shortbow.
The centaur shoots an arrow.
The arrow hits you!
The centaur shoots an arrow.
The arrow hits you!
* * * LOW HITPOINT WARNING * * *
The centaur shoots an arrow.
The arrow hits you!
* * * LOW HITPOINT WARNING * * *
The centaur shoots an arrow.
The arrow hits you!
You die...

#..#
#..#
.c..
..#
..c
#.#
#.#
#@#
#.#
#..
####


You could see 2 centaurs.

Vanquished Creatures
  2 ogres (D:4)
  A crocodile (D:4)
  A scorpion (D:4)
  A howler monkey (D:4)
  A bullfrog skeleton (D:4)
  A worker ant (D:4)
  2 orc wizards (D:4)
  A gnoll (D:4)
  7 adders
  An ooze (D:4)
  An adder skeleton (D:4)
  A worm (D:3)
  A leopard gecko (D:2)
  12 orcs (D:4)
  3 giant cockroaches
  A goblin (D:3)
  3 hobgoblins
  3 jackals (D:4)
  A kobold (D:1)
  3 quokkas
  5 bats
  2 frilled lizards (D:4)
  4 rats
58 creatures vanquished.

Notes
Turn   | Place    | Note
-------+----------+-------------------------------------------
     0 | D:1      | Amnesiac the Deep Elf Necromancer began the quest for the Orb.
     0 | D:1      | Reached XP level 1. HP: 10/10 MP: 6/6
    73 | D:1      | Reached skill level 1 in Fighting
    95 | D:1      | Reached XP level 2. HP: 10/16 MP: 2/8
   358 | D:3      | Reached XP level 3. HP: 15/21 MP: 4/9
   363 | D:3      | Learned a level 3 spell: Vampiric Draining
   367 | D:3      | Learned a level 3 spell: Regeneration
   599 | D:3      | Reached XP level 4. HP: 21/27 MP: 10/10
   825 | D:4      | Noticed a phantom
   833 | D:4      | Noticed a crocodile
   994 | D:4      | Noticed an ogre
  1001 | D:4      | Killed an ogre
  1001 | D:4      | Reached XP level 5. HP: 21/32 MP: 4/11
  1157 | D:4      | Reached XP level 6. HP: 21/38 MP: 0/12
  1255 | D:4      | HP: 1/39 [ogre/giant spiked club (30)]
  1557 | D:4      | Found Animinti's Armour Boutique.
  1683 | D:4      | Reached skill level 1 in Shields
  1752 | D:4      | Reached XP level 7. HP: 19/44 MP: 4/13
  2286 | D:5      | Entered Level 5 of the Dungeon
  2330 | D:5      | Shot with an arrow by a centaur

Vault maps used:
D:1:      elethiomel_arrival_quiet
D:2:      nicolae_qazlal_general_emergency
D:3:      lemuel_coloured_pillars_altar, first_bread,
          kennysheep_decorative_pillar
D:4:      serial_shops, shop, minmay_misc_feat_columns
D:5:      lemuel_doored_altar, temple_green, grunt_ministairs_9

Skill      XL: |  1  2  3  4  5  6 |
---------------+-------------------+-----
Fighting       | 1 2 3 4 |  4.7
Dodging        | 3 4 |  4.7
Shields        | 2 |  2.5
Stealth        | |  2.4
Spellcasting   | |  3.0
Necromancy     | |  4.8

Action                   |  1- 3 |  4- 6 |  7- 9 || total
-------------------------+-------+-------+-------++-------
Melee: Unarmed           |     2 |       |       ||     2
 Fire: Hunting sling     |    23 |    93 |    17 ||   133
 Cast: Pain              |    33 |    34 |    19 ||    86
       Regeneration      |     1 |     1 |       ||     2
       Vampiric Draining |       |     9 |     1 ||    10
  Eat: Chunk             |       |     3 |     2 ||     5
Armor: Robe              |     1 |    17 |     1 ||    19
Dodge: Dodged            |     6 |    61 |    10 ||    77

Table legend:
 A = Spawn XP
 B = Non-spawn XP
 C = Spawn XP percentage of total XP
 D = Spawn monster count
 E = Non-spawn monster count
 F = Spawn count percentage of total count
 G = Total turns spent on level
                    A         B        C        D         E        F      G
               +---------+---------+-------+---------+---------+-------+---------
         Total |       0 |     816 |   0.0 |       0 |      58 |   0.0 |  2330
               +---------+---------+-------+---------+---------+-------+---------
           D:1 |       0 |      13 |   0.0 |       0 |       8 |   0.0 |   177
           D:2 |       0 |      16 |   0.0 |       0 |       2 |   0.0 |   164
           D:3 |       0 |      74 |   0.0 |       0 |      14 |   0.0 |   500
           D:4 |       0 |     713 |   0.0 |       0 |      34 |   0.0 |  1486
               +---------+---------+-------+---------+---------+-------+---------
